Map: Discord IV

Players

RapperOfGods - Winner!

  • Race: Terran Terran
  • Spawn Location: 5:00

RapBurger - Winner!

  • Race: Terran Terran
  • Spawn Location: 5:00

INTHEMIX

  • Race: Protoss Protoss
  • Spawn Location: 9:00

Gracz

  • Race: Terran Terran
  • Spawn Location: 11:00

VOD

Have the link to the VOD?

Description

Time

  • Played on: March 10, 2016, 8:55 a.m.
  • Length: 8:23
Show
View Real Time Build Order
Export as new Build Order

RapperOfGods Terran - Winner!

Build Orders:  

Get SALT Encoding   

  12  0:01  SCV  
  13  0:13  SCV  
  14  0:21  Supply Depot  
  14  0:25  SCV  
  15  0:43  SCV  
  15  0:49  Refinery  
  16  0:52  Barracks  
  16  0:55  SCV  
  17  1:07  Refinery, SCV  
  18  1:16  Barracks  
  18  1:24  Supply Depot, SCV  
  19  1:39  Orbital Command  
  19  1:42  Barracks Reactor  
  19  2:05  SCV  
  20  2:14  Supply Depot  
  20  2:17  Barracks Reactor, SCV  
  20  2:22  Reaper x2  
  23  2:29  SCV  
  24  2:47  Command Center  
  24  2:54  Reaper x4  
  28  3:26  Reaper x3  
  31  3:30  Reaper  
  31  3:33  SCV  
  33  3:38  Supply Depot  
  33  3:58  Reaper  
  33  4:01  Factory, Reaper  
  35  4:26  Reaper x2  
  35  4:30  Reaper  
  36  4:50  Engineering Bay  
  35  5:05  Reaper x2  
  35  5:06  Reaper x2  
  38  5:35  Orbital Command  
  38  5:37  Reaper  
  38  5:38  Reaper x2  
  38  5:39  Widow Mine  
  43  5:46  Supply Depot x2  
  43  5:47  Command Center  
  42  6:07  Widow Mine  
  43  6:16  Marine x4  
  47  6:19  Missile Turret  
  47  6:29  Missile Turret  
  47  7:07  Reaper x3  
  47  7:08  Reaper  
  51  7:11  Widow Mine  
  53  7:36  Starport  
  53  7:39  Reaper x2  
Show
View Real Time Build Order
Export as new Build Order

RapBurger Terran - Winner!

Build Orders:  

Get SALT Encoding   

  12  0:01  SCV  
  13  0:13  SCV  
  14  0:20  Supply Depot  
  14  0:25  SCV  
  15  0:45  Barracks  
  15  0:51  Barracks  
  15  0:55  Refinery  
  15  1:01  Refinery  
  15  1:19  Barracks  
  14  1:41  SCV  
  15  1:51  Reaper  
  15  1:53  SCV  
  17  1:54  Reaper  
  18  2:05  Supply Depot, SCV  
  19  2:12  Reaper  
  20  2:18  SCV  
  21  2:25  Reaper  
  22  2:31  Reaper  
  23  2:37  SCV  
  24  2:44  Reaper  
  25  2:57  Reaper  
  26  3:03  Reaper  
  26  3:16  Reaper  
  27  3:37  Reaper x2  
  29  3:49  Reaper  
  30  4:09  Reaper  
  28  4:57  Reaper x3  
  30  5:29  Reaper  
  31  5:38  Orbital Command  
  31  5:39  Supply Depot x2  
  31  5:41  Supply Depot  
  31  6:01  Reaper x2  
  33  6:30  Marine  
  31  6:32  Marine x2  
  33  6:41  Barracks  
  33  6:42  Barracks x2  
  33  6:43  SCV  
  33  6:45  Barracks  
  34  6:49  Barracks  
  34  6:55  SCV  
  35  7:47  Marine x6  
  35  7:48  Marine x2  
  43  8:05  Marine, Supply Depot  
  47  8:08  Supply Depot  
  47  8:09  Supply Depot  
  47  8:10  Supply Depot  
Show
View Real Time Build Order
Export as new Build Order

INTHEMIX Protoss 

Build Orders: 1 Gate Expand 

Get SALT Encoding   

  12  0:02  Probe (Chrono Boost)  
  13  0:12  Probe (Chrono Boost)  
  14  0:22  Pylon  
  14  0:23  Probe (Chrono Boost)  
  15  0:41  Probe (Chrono Boost), Gateway  
  16  0:51  Probe (Chrono Boost)  
  16  0:53  Pylon  
  17  1:02  Probe (Chrono Boost)  
  18  1:12  Probe (Chrono Boost)  
  19  1:23  Probe (Chrono Boost)  
  20  1:33  Probe (Chrono Boost)  
  20  1:38  Nexus  
  21  1:45  Cybernetics Core  
  21  1:47  Assimilator  
  21  1:54  Pylon  
  21  1:59  Assimilator  
  21  2:05  Pylon  
  21  2:10  Probe (Chrono Boost)  
  22  2:21  Probe (Chrono Boost)  
  22  2:22  Adept (Chrono Boost)  
  25  2:31  Assimilator  
  25  2:32  Probe (Chrono Boost)  
  28  2:46  Mothership Core (Chrono Boost)  
  27  2:53  Adept  
  27  2:54  Probe (Chrono Boost)  
  30  3:06  Probe (Chrono Boost)  
  27  3:33  Stalker, Probe (Chrono Boost)  
  30  3:47  Probe (Chrono Boost)  
  30  3:48  Probe (Chrono Boost)  
  32  3:52  Pylon  
  32  3:56  Stargate  
  32  3:59  Adept  
  32  4:13  Probe (Chrono Boost)  
  33  4:24  Probe (Chrono Boost)  
  34  4:31  Adept  
  34  4:33  Probe (Chrono Boost)  
  30  4:43  Probe  
  14  4:56  Probe  
  17  5:07  Assimilator  
  15  5:08  Probe  
  15  5:12  Pylon  
  15  5:13  Probe  
  15  5:23  Stargate  
  8  5:35  Pylon  
  8  5:39  Oracle (Chrono Boost)  
  8  5:40  Probe (Chrono Boost)  
Show
View Real Time Build Order
Export as new Build Order

Gracz Terran 

Build Orders:  

Get SALT Encoding   

  12  0:01  SCV  
  13  0:13  SCV  
  14  0:25  Supply Depot  
  14  0:31  Refinery, SCV  
  15  0:53  Barracks  
  15  1:09  Supply Depot  
  15  1:47  Supply Depot  
  15  1:53  Barracks Reactor  
  15  1:54  Engineering Bay  
  15  1:55  SCV  
  16  2:07  SCV  
  17  2:27  Supply Depot  
  17  2:35  SCV  
  18  2:37  Refinery  
  18  2:47  Barracks, SCV  
  18  2:50  Marine x2  
  20  3:08  Marine x2  
  20  3:27  Reaper  
  20  3:30  Reaper  
  13  4:02  Marine  
  2  4:18  SCV  
  2  4:20  Marine  
  3  4:30  SCV  
  4  4:38  Marine  
  3  4:47  Terran Infantry Weapons Level 1  
  3  4:58  Barracks  
    6:55  SCV  
Tags
 
Add a new tag
Caveats
  • Supply blocks, unpowered buildings, or Contaminate may cause inaccurate times.
  • Supply counts are checked every 10 seconds.